 Dungeon Crawl Stone Soup version 0.27-a0-1071-ga85bd9520d (console) character file.

Game seed: 6377539402455694981

144 nht the Digger (level 5, -6/35 HPs)
             Began as a Demonspawn Earth Elementalist on Apr 24, 2021.
             Mangled by Robin
             ... wielding a +0 mace
              (7 damage)
             ... on level 3 of the Dungeon.
             The game lasted 00:04:17 (2761 turns).

nht the Digger (Demonspawn Earth Elementalist)      Turns: 2761, Time: 00:04:18

Health: -6/35      AC:  2    Str:  8    XL:     5   Next: 5%
Magic:  1/8        EV: 14    Int: 17    God:
Gold:   54         SH:  0    Dex: 14    Spells: 7/8 levels left

rFire    + . .     SeeInvis .   b - +0 trident
rCold    + . .     Faith    .   (no shield)
rNeg     . . .     Spirit   .   c - +0 robe
rPois    +         Reflect  .   (helmet restricted)
rElec    +         Harm     .   (no cloak)
rCorr    +         Rampage  .   (no gloves)
Will     .....                  (no boots)
Stlth    ++........             m - amulet of magic regeneration
HPRegen  0.11/turn              (no ring)
MPRegen  0.36/turn              (no ring)

@: resistant
A: antennae 2, repulsion field 1
a: no special abilities


You were on level 3 of the Dungeon.
You visited 1 branch of the dungeon, and saw 3 of its levels.

You collected 77 gold pieces.
You spent 23 gold pieces at shops.

Inventory:

Hand Weapons
 b - a +0 trident (weapon)
 e - a +0 short sword
Missiles
 h - 3 boomerangs
 n - 9 stones
Armour
 c - a +0 robe (worn)
Jewellery
 m - an amulet of magic regeneration (around neck)
Scrolls
 a - a scroll of teleportation {unknown}
 d - a scroll of summoning {unknown}
 f - 2 scrolls of acquirement {unknown}
 j - a scroll of noise {unknown}
 k - a scroll of vulnerability {unknown}
 l - a scroll of torment {unknown}
Potions
 i - a potion of ambrosia


   Skills:
 - Level 1.7 Dodging
 - Level 1.7 Stealth
 - Level 2.0 Spellcasting
 - Level 0.8 Transmutations
 + Level 5.3 Earth Magic


You had 7 spell levels left.
You knew the following spells:

 Your Spells              Type           Power      Damage    Failure   Level
a - Sandblast             Erth           38%        2d10      2%          1

Your spell library contained the following spells:

 Spells                   Type           Power      Damage    Failure   Level
 Passwall                 Tmut/Erth      10%        N/A       9%          2
 Animate Skeleton         Necr           2%         N/A       19%         1
 Magic Dart               Conj           4%         1d3       19%         1
 Pain                     Necr           4%         1d4       19%         1
 Stone Arrow              Conj/Erth      20%        3d8       21%         3
 Blink                    Tloc           N/A        N/A       28%         2
 Call Imp                 Summ           1%         N/A       28%         2
 Searing Ray              Conj           2%         3d3       28%         2
 Slow                     Hex            1%         N/A       28%         2
 Conjure Flame            Conj/Fire      1%         6-21      50%         3
 Dazzling Flash           Conj/Hex       2%         N/A       50%         3
 Mephitic Cloud           Conj/Pois/Air  1%         N/A       50%         3
 Vampiric Draining        Necr           0%         2d6       50%         3
 Petrify                  Tmut/Erth      12%        N/A       50%         4
 Lee's Rapid Deconstruct  Erth           9%         3d8*      52%         5
 Animate Dead             Necr           0%         N/A       88%         4
 Fulminant Prism          Conj/Hex       0%         3d6       88%         4
 Iskenderun's Mystic Bla  Conj/Tloc      1%         2d3       88%         4
 Agony                    Necr           1%         N/A       99%         5


Dungeon Overview and Level Annotations

Branches:
Dungeon (3/15)

Altars:

Shops:
D:1 :*!

Annotations:
D:3 Robin


Innate Abilities, Weirdness & Mutations

You have a pair of antennae on your head.
You are surrounded by a mild repulsion field. (EV +2)


Message History

Casting: Sandblast (safe; 2% risk of failure)
Confirm with . or Enter, or press ? or * to list all spells.
Aiming: Sandblast (safe; 2% risk of failure)
Press: ? - help, Shift-Dir - straight line, f/p - goblin
Aim: a goblin, wielding a +0 hunting sling and quivering stones (strong, 74% to hit)
The blast of sand hits the goblin.
You kill the goblin!
Unknown command.
Casting: Sandblast (safe; 2% risk of failure)
Confirm with . or Enter, or press ? or * to list all spells.
Aiming: Sandblast (safe; 2% risk of failure)
Press: ? - help, Shift-Dir - straight line, f - Robin
Aim: Robin, wielding a +0 mace, wearing a +0 animal skin and wearing a +0 helmet (heavily wounded, 85% to hit)
The blast of sand hits Robin.
Robin is severely wounded.
Unknown command.
Casting: Sandblast (safe; 2% risk of failure)
Confirm with . or Enter, or press ? or * to list all spells.
Aiming: Sandblast (safe; 2% risk of failure)
Press: ? - help, Shift-Dir - straight line, f/p - Robin
Aim: Robin, wielding a +0 mace, wearing a +0 animal skin and wearing a +0 helmet (severely wounded, 85% to hit)
The blast of sand hits Robin.
Robin is severely wounded.
Robin misses you.
Casting: Sandblast (safe; 2% risk of failure)
Confirm with . or Enter, or press ? or * to list all spells.
Aiming: Sandblast (safe; 2% risk of failure)
Press: ? - help, Shift-Dir - straight line, f/p - Robin
Aim: Robin, wielding a +0 mace, wearing a +0 animal skin and wearing a +0 helmet (severely wounded, 85% to hit)
The blast of sand hits Robin.
Robin is almost dead.
Robin hits you with a +0 mace.
* * * LOW HITPOINT WARNING * * *
You closely miss Robin.
Robin is almost dead.
Robin closely misses you. Robin misses you.
It was a potion of resistance.
You feel protected. Robin hits you with a +0 mace!
You die...

♣♣≈ ..................█ ≈≈≈♣
████............█ ≈≈≈≈
█............█ P≈≈P≈
█............. ≈≈≈ ≈≈P≈≈
█............. ≈≈≈≈.≈ ≈≈≈≈..
█.......).)... ♣≈≈≈≈.≈≈ ≈≈P♣..███
█.........)... ≈≈≈≈≈.≈≈≈
♣≈....███........█.).. P≈≈≈≈.≈≈≈
♣..>.@g..........█.... ≈≈≈≈≈.≈P♣
♣......███)...)...█.... ≈≈≈≈≈.≈≈♣
♣......█ █........█....
≈≈≈≈≈.≈≈♣♣♣♣.....█ █........█....
≈P≈≈≈.≈≈≈♣♣♣≈...≈♣♣♣♣.......█....
≈≈≈≈≈.≈≈PP≈≈≈♣♣≈≈≈≈≈≈≈......█....
≈≈≈≈≈.≈≈≈≈≈≈≈PP≈≈≈≈≈≈≈♣.....█
≈≈P≈≈.≈≈≈≈≈≈≈≈≈≈≈≈≈≈≈≈≈≈....█
█♣≈≈......................███


You could see Robin.

Vanquished Creatures
  Natasha (D:3)
  4 adders (D:2)
  A worm (D:2)
  A dart slug (D:2)
  2 orcs (D:3)
  3 ball pythons
  7 bats
  5 endoplasms
  2 giant cockroaches
  11 goblins
  9 hobgoblins
  11 jackals
  4 kobolds
  A quokka (D:1)
  6 frilled lizards
  3 rats
71 creatures vanquished.

Vanquished Creatures (others)
  3 plants (D:3)
3 creatures vanquished.

Grand Total: 74 creatures vanquished

Notes
Turn   | Place    | Note
-------+----------+-------------------------------------------
     0 | D:1      | nht the Demonspawn Earth Elementalist began the quest for
                  | the Orb.
     0 | D:1      | Reached XP level 1. HP: 13/13 MP: 3/3
   117 | D:1      | Found Biting's Assorted Antiques.
   127 | D:1      | Bought a scroll labelled BAUPUR UMOOG for 23 gold pieces
   155 | D:1      | Reached skill level 3 in Earth Magic
   400 | D:1      | Gained mutation: You have a pair of small antennae on your
                  | head. [demonic ancestry]
   400 | D:1      | Reached XP level 2. HP: 19/19 MP: 3/5
   973 | D:1      | Found Babroh's Distillery.
  1004 | D:1      | Found a faded altar of an unknown god.
  1031 | D:1      | Found Wiumuskeg's Book Boutique.
  1216 | D:2      | Reached skill level 4 in Earth Magic
  1216 | D:2      | Reached XP level 3. HP: 15/24 MP: 6/6
  1787 | D:2      | Gained mutation: You are surrounded by a mild repulsion
                  | field. (EV +2) [demonic ancestry]
  1787 | D:2      | Reached XP level 4. HP: 30/30 MP: 4/7
  2234 | D:3      | Noticed Natasha
  2240 | D:3      | Killed Natasha
  2241 | D:3      | Reached skill level 5 in Earth Magic
  2728 | D:3      | Noticed Robin
  2734 | D:3      | Gained mutation: You have a pair of antennae on your head.
                  | [demonic ancestry]
  2734 | D:3      | Reached XP level 5. HP: 16/35 MP: 3/8
  2759 | D:3      | HP: 1/35 [Robin/+0 mace (3)]
  2761 | D:3      | Mangled by Robin

Illustrated notes

Levels and vault maps discovered:
D:1:      tarquinn_simple_flora_water_b, layout_loops_ring, serial_shops, shop,
          nicolae_shop_crystal, nicolae_shop_waterfront,
          shapermc_ecumenical_altar_venn, amcnicky_mini_rare_corridor_liquid
D:2:      layout_basic
D:3:      lemuel_castle_with_subvaults [lemuel_castle_interior_original],
          layout_basic, serial_bayou_lagoon_b, uniq_robin, uniq_natasha,
          uniq_ijyb

Skill      XL: |  1  2  3  4 |
---------------+-------------+-----
Earth Magic    | 3 4 5 |  5.3
Dodging        | |  1.7
Stealth        | |  1.7
Spellcasting   | |  2.0
Transmutations | |  0.8

Action                   |  1- 3 |  4- 6 || total
-------------------------+-------+-------++-------
Melee: Short sword       |    21 |     1 ||    22
       Unarmed           |     1 |       ||     1
       Trident           |       |    18 ||    18
 Cast: Sandblast         |    50 |    51 ||   101
  Use: Potion            |     2 |     1 ||     3
Armor: Robe              |     6 |     9 ||    15
       Skin              |     3 |       ||     3
Dodge: Dodged            |    39 |    44 ||    83

Table legend: (Time is in decaauts)
 A = Elapsed time spent in this place.
 B = Non-inter-level travel time spent in this place.
 C = Inter-level travel time spent in this place.
 D = Time resting spent in this place.
 E = Time spent auto-exploring this place.
 F = Levels seen in this place.
 G = Mean time per level.
                   A        B        C        D        E       F      G
               +--------+--------+--------+--------+--------+-----+--------+
         Total |   2779 |   2733 |     46 |     34 |   2328 |   3 |  926.3 |
       Dungeon |   2779 |   2733 |     46 |     34 |   2328 |   3 |  926.3 |
               +--------+--------+--------+--------+--------+-----+--------+

Top non-repeatable levels by time:
     D:1: 1198 daAuts
     D:2: 999 daAuts
     D:3: 581 daAuts
